 Dungeon Crawl Stone Soup version 0.23.2-33-g5129a83184 (webtiles) character file.

Game seed: 7738144343345061762

511 FishyPogo the Digger (level 7, -7/36 HPs)
             Began as a Gargoyle Earth Elementalist on July 23, 2019.
             Was a Believer of Okawaru.
             Mangled by an ogre
             ... wielding a +0 giant club
              (22 damage)
             ... on level 4 of the Dungeon.
             The game lasted 00:32:04 (3508 turns).

FishyPogo the Digger (Gargoyle Earth Elementalist)  Turns: 3508, Time: 00:32:05

Health: -7/36      AC: 11    Str: 11    XL:     7   Next: 19%
Magic:  0/13       EV: 12    Int: 17    God:    Okawaru [**....]
Gold:   228        SH:  0    Dex: 11    Spells: 10/14 levels left

rFire    . . .     SeeInvis .   p - +1 hand axe (chop)
rCold    . . .     Gourm    .   (no shield)
rNeg     + . .     Faith    .   h - +1 leather armour
rPois    ∞         Spirit   +   (no helmet)
rElec    +         Reflect  .   (no cloak)
rCorr    .         Harm     .   g - +0 pair of gloves
MR       .....                  q - +0 pair of boots
Stlth    ++........             u - amulet of guardian spirit
HPRegen  0.12/turn              (no ring)
MPRegen  0.13/turn              (no ring)

@: no status effects
A: negative energy resistance 1, electricity resistance, unbreathing,
petrification resistance, rot immunity, AC +4
a: Heroism, Renounce Religion


You were on level 4 of the Dungeon.
You worshipped Okawaru.
Okawaru was pleased with you.
You were hungry.

You visited 1 branch of the dungeon, and saw 4 of its levels.

You collected 228 gold pieces.

Inventory:

Hand Weapons
 e - a +0 club
 o - a +0 hand axe
 p - a +1 hand axe of chopping (weapon)
Missiles
 b - 45 stones (quivered)
Armour
 c - a +0 robe
 g - a +0 pair of gloves (worn)
 h - a +1 leather armour (worn)
 m - a +0 ring mail
 q - a +0 pair of boots (worn)
Jewellery
 l - an uncursed amulet of magic regeneration
 u - an amulet of guardian spirit (around neck)
Wands
 v - a wand of enslavement (9)
Scrolls
 f - 2 scrolls of identify
 k - 2 scrolls of amnesia
 r - a scroll of remove curse
Potions
 a - a potion of cancellation
 j - 4 potions of curing
Comestibles
 d - 9 rations
 s - a chunk of flesh


   Skills:
 * Level 3.5 Armour
 + Level 2.5 Dodging
 + Level 3.6 Stealth
 * Level 4.0 Spellcasting
   Level 0.7 Transmutations
 * Level 5.8 Earth Magic


You had 10 spell levels left.
You knew the following spells:

 Your Spells              Type           Power        Failure   Level  Hunger
a - Sandblast             Erth           ###...       1%          1    None
b - Stone Arrow           Conj/Erth      ##....       19%         3    ###....

Your spell library contained the following spells:

 Spells                   Type           Power        Failure   Level  Hunger
 Passwall                 Tmut/Erth      ##......     8%          2    ##.....
 Magic Dart               Conj           #...         21%         1    None
 Blink                    Tloc           N/A          30%         2    ##.....
 Call Imp                 Summ           #.......     30%         2    ##.....
 Slow                     Hex            #.......     30%         2    ##.....
 Petrify                  Tmut/Erth      ##......     45%         4    ####...
 Lee's Rapid Deconstruct  Erth           ###.......   45%         5    ######.
 Conjure Flame            Conj/Fire      #.......     52%         3    ###....
 Mephitic Cloud           Conj/Pois/Air  #.......     52%         3    ###....


Dungeon Overview and Level Annotations

Branches:
Dungeon (4/15)
 Temple: D:4-7

Altars:
Okawaru


Innate Abilities, Weirdness & Mutations

You are resistant to torment.
Your stone body is resilient. (AC +4)
You are immune to poison.
You resist negative energy. (rN+)
You are resistant to electric shocks. (rElec)
You can survive without breathing.
You are immune to petrification.
You are immune to rotting.


Message History

You barely miss Edmund.
Edmund is almost dead.
Edmund hits you with a +1 flail of venom.
Unknown command.
Unknown command.
You barely miss Edmund.
Edmund is almost dead.
Edmund completely misses you.
You slash Edmund!
You kill Edmund!
Okawaru is honoured by your kill.
Your Spellcasting skill increases to level 4!
You have reached level 7!
Unknown command.
Unknown command.
You hit the ogre.
The ogre is lightly wounded.
The ogre hits you with a +0 giant club!!
Ouch! That really hurt!
You die...

.. .. .#.. ### ### #.#. #..
.. ... #.# #.#..
#######.####...
........(..##O#
######.##.##@# #.......#
#.......# #.##.##.# ..#
#.##....# ...# # #.#####.#
...### #.# #.#####.####
..... ....
#..........####...####
.....##....##.##............


You could see an ogre.

Vanquished Creatures
  Edmund (D:4)
  A phantom (D:4)
  2 hounds (D:4)
  2 orc priests
  Terence (D:2)
  An iguana (D:4)
  A worker ant (D:4)
  4 adders
  An ooze (D:4)
  5 worms
  A dart slug (D:2)
  A leopard gecko (D:1)
  13 orcs
  2 giant cockroaches (D:3)
  3 goblins
  5 hobgoblins
  A quokka (D:3)
  A ball python (D:1)
  5 bats
  4 frilled lizards
  7 kobolds
  5 rats
67 creatures vanquished.

Notes
Turn   | Place    | Note
-------+----------+-------------------------------------------
     0 | D:1      | FishyPogo the Gargoyle Earth Elementalist began the quest
                  | for the Orb.
     0 | D:1      | Reached XP level 1. HP: 10/10 MP: 3/3
   398 | D:1      | Reached skill level 4 in Earth Magic
   398 | D:1      | Reached XP level 2. HP: 15/15 MP: 3/5
  1111 | D:2      | Reached XP level 3. HP: 19/19 MP: 3/6
  1179 | D:2      | Reached skill level 1 in Armour
  1182 | D:2      | Noticed Terence
  1276 | D:2      | Learned a level 3 spell: Stone Arrow
  1301 | D:2      | Killed Terence
  1301 | D:2      | Reached XP level 4. HP: 3/24 MP: 0/8
  1864 | D:2      | Found a faded altar of an unknown god.
  1872 | D:2      | Became a worshipper of Warmaster Okawaru
  1872 | D:2      | Reached * piety under Okawaru
  2255 | D:3      | Reached XP level 5. HP: 28/28 MP: 3/9
  2911 | D:4      | Reached skill level 5 in Earth Magic
  3096 | D:4      | Noticed a phantom
  3130 | D:4      | Reached XP level 6. HP: 5/32 MP: 0/11
  3168 | D:4      | Killed a phantom
  3168 | D:4      | Reached ** piety under Okawaru
  3465 | D:4      | Noticed Edmund
  3507 | D:4      | Killed Edmund
  3507 | D:4      | Reached XP level 7. HP: 14/36 MP: 0/13
  3508 | D:4      | Mangled by an ogre

Skill      XL: |  1  2  3  4  5  6 |
---------------+-------------------+-----
Earth Magic    | 4 5 |  5.8
Armour         | 1 2 3 |  3.5
Dodging        | 2 |  2.5
Spellcasting   | 3 4 |  4.0
Stealth        | 3 |  3.6
Transmutations | |  0.7

Action                   |  1- 3 |  4- 6 |  7- 9 || total
-------------------------+-------+-------+-------++-------
Melee: Club              |    66 |     2 |       ||    68
       Hand axe          |       |    75 |     1 ||    76
       Punch             |       |     1 |       ||     1
 Cast: Sandblast         |    41 |    40 |       ||    81
       Stone Arrow       |     3 |    21 |       ||    24
Invok: Heroism           |       |     1 |       ||     1
Evoke: Wand              |       |     3 |       ||     3
  Use: Scroll            |       |     9 |       ||     9
       Potion            |       |     5 |       ||     5
  Eat: Chunk             |     2 |     9 |       ||    11
Armor: Leather armour    |     9 |    35 |       ||    44
       Robe              |     1 |       |       ||     1
       Ring mail         |     2 |       |       ||     2
       Skin              |       |    13 |       ||    13
Dodge: Dodged            |    11 |    41 |       ||    52
